 Dungeon Crawl Stone Soup version 0.30-a0-122-g2a1322497e (webtiles) character file.

Game seed: 3842784053054961579

457 Majang the Chopper (level 6, -1/52 HPs)
             Began as a Palentonga Fighter on Sept 16, 2022.
             Was an Initiate of Gozag.
             Slain by Duvessa
             ... wielding a +0 short sword
              (7 damage)
             ... on level 4 of the Dungeon.
             The game lasted 00:12:32 (2733 turns).

Majang the Chopper (Palentonga Fighter)             Turns: 2733, Time: 00:12:32

Health: -1/52      AC: 10    Str: 23    XL:     6   Next: 77%
Magic:  6/6        EV:  6    Int:  8    God:    Gozag
Gold:   438        SH:  5    Dex: 10    Spells: 5/5 levels left

rFire   . . .      SeeInvis +    B - +0 battleaxe (protect)
rCold   . . .      Faith    .    (shield currently unavailable)
rNeg    . . .      Spirit   .    s - +0 chain mail
rPois   .          Reflect  +    (no helmet)
rElec   .          Harm     .    r - +0 cloak
rCorr   .          Rampage  .    i - +0 pair of gloves
Will    .....                    (no barding)
Stlth   ..........               e - amulet of reflection
HPRegen 0.17/turn                (no ring)
MPRegen 0.10/turn                (no ring)

@: attractive, flying
A: large, rugged brown scales 3, see invisible, deformed body, roll 1, armoured
tail
a: Rolling Charge, Renounce Religion, Potion Petition, Call Merchant, Bribe
Branch


You were on level 4 of the Dungeon.
You worshipped Gozag.
Gozag was aware of your devotion.
You visited 1 branch of the dungeon, and saw 4 of its levels.
You also visited: Sewer.

You collected 533 gold pieces.
You spent 95 gold pieces at shops.

Inventory:

Hand Weapons
 a - a +0 war axe of freezing
 b - the +7 hammer "Jotonasm" {protect, SInv}
   (You found it on level 2 of the Dungeon)

   It grants its wielder temporary protection when it strikes (+7 to AC).
   SInv:      It lets you see invisible.
 B - a +0 battleaxe of protection (weapon)
Missiles
 w - 3 throwing nets
 A - 10 stones
Armour
 c - a +0 buckler
 i - a +0 pair of gloves (worn)
 q - a +0 scale mail
 r - a +0 cloak (worn)
 s - a +0 chain mail (worn)
Jewellery
 e - an amulet of reflection (around neck)
 u - an amulet of guardian spirit
Scrolls
 f - a scroll of immolation {unknown}
 j - 3 scrolls of teleportation {unknown}
 k - 5 scrolls of identify {unknown}
 m - a scroll of enchant weapon {unknown}
 t - a scroll of fear {unknown}
 v - a scroll of acquirement {unknown}
 y - a scroll of poison {unknown}
Potions
 d - a potion of might
 g - a potion of resistance {unknown}
 h - 2 potions of cancellation
 l - 2 potions of attraction
 n - 2 potions of curing {unknown}
 o - 2 potions of haste
 x - 2 potions of flight
 z - 2 potions of heal wounds {unknown}


   Skills:
 + Level 4.7 Fighting
 * Level 5.7 Axes
 + Level 0.7 Throwing
 + Level 2.6 Armour
 + Level 0.9 Dodging
 - Level 2.8 Shields


You had 5 spell levels left.
You didn't know any spells.
Your spell library contained the following spells:

 Spells                   Type           Power      Damage    Failure   Level
 Slow                     Hex            0%         N/A       98%         1
 Static Discharge         Conj/Air       0%         3-3/arc   99%         2
 Confusing Touch          Hex            0%         N/A       100%        3
 Vampiric Draining        Necr           0%         2d6       100%        3
 Dispel Undead            Necr           0%         3d6       100%        4
 Sticky Flame             Conj/Fire      0%         2d3       100%        4


Dungeon Overview and Level Annotations

Branches:
Dungeon (4/15)              Sewer (visited)
 Temple: D:4-7

Altars:
Dithmenos
Gozag

Shops:
D:2 ?

Annotations:
D:4 Dowan, Duvessa


Innate Abilities, Weirdness & Mutations

You are completely covered in rugged brown scales. (AC +3, +7% HP)
You have supernaturally acute eyesight. (SInv)
Armour fits poorly on your strangely shaped body.
You can roll at nearby foes to attack.
You have a long armoured tail.


Message History

Duvessa seems to speed up.
You roll forward with a clatter of scales!
You barely miss Dowan.
Dowan mumbles some strange words.
Dowan blinks!
Unknown command.
Duvessa hits you but does no damage.
You closely miss Duvessa.
Duvessa hits you with a +0 short sword. x2
You feel very mighty all of a sudden. You block Duvessa's attack.
You slice Duvessa!!
Your weapon exudes an aura of protection.
Duvessa is severely wounded.
Duvessa hits you with a +0 short sword!
* * * LOW HITPOINT WARNING * * *
Duvessa hits you but does no damage. Duvessa hits you with a +0 short sword.
* * * LOW HITPOINT WARNING * * *
You closely miss Duvessa.
Duvessa is severely wounded.
Duvessa hits you with a +0 short sword.
* * * LOW HITPOINT WARNING * * *
Duvessa hits you with a +0 short sword.
* * * LOW HITPOINT WARNING * * *
Unknown command.
It was a potion of cancellation.
Your magical effects are unravelling.
You feel magically purged.
You feel a little less mighty now. Duvessa hits you but does no damage.
It was a potion of attraction.
You feel attractive to monsters. Duvessa hits you with a +0 short sword.
* * * LOW HITPOINT WARNING * * *
Duvessa hits you with a +0 short sword.
* * * LOW HITPOINT WARNING * * *
It was a potion of flight.
You feel very buoyant.
You fly up into the air.
Duvessa hits you with a +0 short sword!
You die...
Your body crumbles into a pile of gold.

# $ # # # # ..
# .... #
.....#### #
........######
#
........ee@..#
#
#.......####)#
#....[..# #.#
#.......# #.#
######### #.#
#.# #.# #.#
#.#


You could see Duvessa (fast) and Dowan.

Vanquished Creatures
  A water moccasin (Sewer)
  A kobold brigand (D:4)
  Crazy Yiuf (D:2)
  A gnoll bouda (D:3)
  2 orc wizards (D:3)
  8 gnolls (D:3)
  4 adders
  2 dart slugs (D:1)
  3 orcs (D:3)
  3 endoplasms
  2 giant cockroaches (D:1)
  3 goblins
  3 hobgoblins
  4 quokkas
  7 ball pythons
  12 bats
  2 frilled lizards
  6 kobolds
  9 rats
74 creatures vanquished.

Notes
Turn   | Place    | Note
-------+----------+-------------------------------------------
     0 | D:1      | Majang the Palentonga Fighter began the quest for the Orb.
     0 | D:1      | Reached XP level 1. HP: 19/19 MP: 1/1
   235 | D:1      | Reached XP level 2. HP: 24/25 MP: 2/2
   470 | D:1      | Found a faded altar of an unknown god.
   478 | D:1      | Prayed at the altar of an unknown god.
   478 | D:1      | Became a worshipper of Gozag Ym Sagoz the Greedy
   712 | D:1      | Reached skill level 3 in Axes
   921 | D:2      | Reached XP level 3. HP: 31/31 MP: 3/3
  1037 | D:2      | Found Bushouf's Magic Scroll Boutique.
  1045 | D:2      | Bought a scroll of brand weapon for 95 gold pieces
  1120 | D:2      | Found a runed translucent door.
  1122 | D:2      | Identified the +5 hammer of Anivinn {pain, rN+}
  1127 | D:2      | Identified the +7 hammer "Jotonasm" {protect, SInv}
  1131 | D:2      | Noticed Crazy Yiuf
  1161 | D:2      | Killed Crazy Yiuf
  1162 | D:2      | Reached XP level 4. HP: 39/39 MP: 4/4
  1693 | D:3      | Found a shadowy altar of Dithmenos.
  1824 | D:3      | Reached skill level 4 in Axes
  1926 | D:3      | Reached XP level 5. HP: 44/44 MP: 5/5
  2287 | D:3      | Reached skill level 5 in Axes
  2510 | D:4      | Found a glowing drain.
  2518 | D:4      | Reached XP level 6. HP: 52/52 MP: 6/6
  2543 | Sewer    | Entered a sewer
  2584 | Sewer    | Noticed a water moccasin
  2586 | Sewer    | Killed a water moccasin
  2719 | D:4      | Noticed Dowan
  2720 | D:4      | Noticed Duvessa
  2733 | D:4      | Slain by Duvessa

Illustrated notes

Levels and vault maps discovered:
D:1:      beargit_arrival_diablo_church, layout_basic, basic_ecumenical_altar
D:2:      layout_loops_ring, serial_shops, nicolae_shop_advertising_works
          [nicolae_subvault_shop_adworks], minmay_pentomino_o2,
          uniq_crazy_yiuf_cottage
D:3:      layout_loops_ring, overflow_temple_1_default
D:4:      layout_basic, portal_sewer_entry_a, uniq_edmund, uniq_duvessa,
          uniq_ijyb, uniq_menkaure

Skill      XL: |  1  2  3  4  5 |
---------------+----------------+-----
Axes           | 3 4 5 |  5.7
Fighting       | 4 |  4.7
Throwing       | |  0.7
Armour         | |  2.6
Dodging        | |  0.9
Shields        | |  2.8

Action                   |  1- 3 |  4- 6 || total
-------------------------+-------+-------++-------
Melee: War axe           |    52 |    89 ||   141
       Tailslap          |     8 |    12 ||    20
       Mace              |     3 |       ||     3
       Battleaxe         |       |    17 ||    17
 Abil: Rolling Charge    |    19 |    42 ||    61
  Use: Scroll            |     1 |     1 ||     2
       Potion            |       |     4 ||     4
 Stab: Sleeping          |     1 |       ||     1
       Held in net/web   |       |     1 ||     1
Armor: Scale mail        |    16 |       ||    16
       Chain mail        |       |    48 ||    48
Dodge: Dodged            |    13 |    22 ||    35
Block: Buckler           |    24 |    38 ||    62
       Reflection        |     1 |     1 ||     2
       Other             |       |     5 ||     5

Table legend: (Time is in decaauts)
 A = Elapsed time spent in this place.
 B = Non-inter-level travel time spent in this place.
 C = Inter-level travel time spent in this place.
 D = Time resting spent in this place.
 E = Time spent auto-exploring this place.
 F = Levels seen in this place.
 G = Mean time per level.
                   A        B        C        D        E       F      G
               +--------+--------+--------+--------+--------+-----+--------+
         Total |   2789 |   2765 |     24 |     53 |   1967 |   5 |  557.8 |
       Dungeon |   2690 |   2666 |     24 |     53 |   1967 |   4 |  672.5 |
         Sewer |     98 |     98 |      0 |      0 |      0 |   1 |   98.0 |
               +--------+--------+--------+--------+--------+-----+--------+

Top non-repeatable levels by time:
     D:1: 936 daAuts
     D:3: 763 daAuts
     D:2: 751 daAuts
     D:4: 239 daAuts
   Sewer: 98 daAuts
